 Dungeon Crawl Stone Soup version 0.30.0-18-gc0e69614cb (webtiles) character file.

Game seed: 16662573944528705019

2 monsoonserge the Prestidigitator (level 1, 0/17 HPs)
             Began as a Gnoll Wanderer on May 25, 2023.
             Slain by a hobgoblin (4 damage)
             ... on level 1 of the Dungeon.
             The game lasted 00:00:42 (113 turns).

monsoonserge the Prestidigitator (Gnoll Wanderer)    Turns: 113, Time: 00:00:43

Health: 0/17       AC:  4    Str: 12    XL:     1   Next: 40%
Magic:  4/4        EV: 10    Int: 11    God:
Gold:   13         SH:  0    Dex: 10    Spells: 5/5 levels left

rFire   . . .        a - +0 club
rCold   . . .        (no shield)
rNeg    . . .        d - +0 leather armour
rPois   .            b - +0 helmet
rElec   .            (no cloak)
rCorr   .            (no gloves)
SInv    .            (no boots)
Will    .....        (no amulet)
Stlth   ++           (no ring)
HPRegen 0.22/turn    (no ring)
MPRegen 0.09/turn

%: no passive effects
@: no status effects
A: fangs 1, strong nose, distributed training
a: no special abilities


You were on level 1 of the Dungeon.
You visited 1 branch of the dungeon, and saw 1 of its levels.

You collected 13 gold pieces.

Inventory:

Hand Weapons
 a - a +0 club (weapon)
Armour
 b - a +0 helmet (worn)
 d - a +0 leather armour (worn)
Wands
 e - a wand of flame (19) (quivered)
Scrolls
 c - a scroll of fog
 f - a scroll of summoning {unknown}
Potions
 g - a potion of haste {unknown}


   Skills:
 + Level 2.3 Fighting
 + Level 0.0 Short Blades
 + Level 0.0 Long Blades
 + Level 0.0 Axes
 + Level 0.0 Maces & Flails
 + Level 0.0 Polearms
 + Level 0.0 Staves
 + Level 0.0 Ranged Weapons
 + Level 0.0 Throwing
 + Level 0.0 Armour
 + Level 0.0 Dodging
 + Level 2.1 Stealth
 + Level 0.0 Shields
 + Level 0.0 Unarmed Combat
 + Level 2.6 Spellcasting
 + Level 3.6 Conjurations
 + Level 0.0 Hexes
 + Level 0.0 Summonings
 + Level 0.0 Necromancy
 + Level 0.0 Translocations
 + Level 0.0 Transmutations
 + Level 0.0 Fire Magic
 + Level 0.0 Ice Magic
 + Level 0.0 Air Magic
 + Level 0.0 Earth Magic
 + Level 0.0 Poison Magic
 + Level 0.1 Invocations
 + Level 10.3 Evocations


You had 5 spell levels left.
You didn't know any spells.
Your spell library contained the following spells:

 Spells                   Type           Power      Damage    Failure   Level
 Searing Ray              Conj           18%        2d5       12%         2
 Static Discharge         Conj/Air       10%        2-3/arc   24%         2


Dungeon Overview and Level Annotations

Branches:
Dungeon (1/15)

Altars:


Innate Abilities, Weirdness & Mutations

You have very sharp teeth.
Your uncanny sense of smell can sniff out nearby items.
Your experience applies equally to all skills.


Message History

You hit the hobgoblin.
The hobgoblin is moderately wounded.
The ball python closely misses you. The ball python completely misses you.
The hobgoblin hits you but does no damage.
The ball python barely misses you. The ball python grabs you.
The ball python constricts you.
You hit the ball python but do no damage.
Your bite misses the ball python. The hobgoblin hits you.
The ball python barely misses you. The ball python constricts you.
The hobgoblin barely misses you. The ball python bites you.
The ball python constricts you.
You barely miss the ball python. The ball python closely misses you.
The ball python constricts you.
The hobgoblin hits you but does no damage.
You closely miss the ball python. Your bite misses the ball python.
The ball python bites you. The ball python constricts you.
The hobgoblin closely misses you.
The ball python bites you but does no damage.
The ball python constricts you.
You closely miss the ball python. The hobgoblin closely misses you.
The ball python barely misses you. The ball python constricts you.
The hobgoblin barely misses you.
You closely miss the ball python. The ball python barely misses you.
The ball python constricts you. The hobgoblin closely misses you.
The ball python bites you but does no damage.
The ball python constricts you.
You closely miss the ball python.
The ball python bites you but does no damage.
The ball python constricts you. The hobgoblin hits you.
* * * LOW HITPOINT WARNING * * *
Aiming: Throw Flame
Press: ? - help, Shift-Dir - straight line, f - ball python
Aim: a ball python (constricting you, 75% to hit)
The puff of flame hits the ball python!
You kill the ball python!
The hobgoblin closely misses you.
You barely miss the hobgoblin.
The hobgoblin is moderately wounded.
The hobgoblin barely misses you. The hobgoblin hits you.
You die...

#....###... #..........
....... #......... ........
#.......######.....#
#.?................#
#..................#
...##..g†..............#
......?@..........>....#
...###..................
.......................
..........#####........
................(.......
...########......#.##... ###
#............. #############
#.............
#...........####.............


You could see a hobgoblin.

Vanquished Creatures
  A ball python (D:1)
  A goblin (D:1)
2 creatures vanquished.

Notes
Turn   | Place    | Note
-------+----------+-------------------------------------------
     0 | D:1      | Reached skill level 10 in Evocations
     0 | D:1      | monsoonserge the Gnoll Wanderer began the quest for the
                  | Orb.
     0 | D:1      | monsoonserge set off with the following items: a +0 club, a
                  | +0 helmet, a scroll of fog, a +0 leather armour, a wand of
                  | flame (20); and the following spells available to memorise:
                  | Searing Ray, Static Discharge.
     0 | D:1      | Reached XP level 1. HP: 17/17 MP: 4/4
   113 | D:1      | Slain by a hobgoblin

Illustrated notes

Levels and vault maps discovered:
D:1:      dpeg_arrival_central, layout_basic

Skill      XL: | |
---------------+-+-----
Evocations     | | 10.3
Fighting       | |  2.3
Stealth        | |  2.1
Spellcasting   | |  2.6
Conjurations   | |  3.6
Invocations    | |  0.1

Action                     || total
---------------------------++-------
  Melee: Club              ||    10
  Evoke: Wand              ||     1
 Armour: Leather armour    ||     5
  Dodge: Dodged            ||    16
